[Event "Late-Titled-Tuesday-Blitz-June-04-2024"]
[Site "Chess.com"]
[Date "2024.06.04"]
[Round "7"]
[White "cristiano78"]
[Black "Mikhal867"]
[Result "1-0"]
[WhiteElo "2237"]
[BlackElo "2474"]
[TimeControl "180+1"]
[EndTime "15:14:35 PDT"]
[Termination "cristiano78 won by resignation"]

1. d4 Nf6 2. c4 g6 3. Nc3 Bg7 4.
e4 O-O 5. Nf3 d6 6. Be2 e5 7.
O-O Nc6 8. d5 Ne7 9. Ne1 Nd7 10.
Be3 f5 11. f3 f4 12. Bf2 g5 13. Nb5 a6 14. Na7 Rxa7 15. Bxa7 b6 16. b4 Bb7 17. c5 dxc5 18. Rc1 Qa8 19. bxc5 Nxc5 20. Rxc5 bxc5 21. Bxc5 Re8 22. Bc4 Kh8 23. Nd3 Ng6 24. Qb3 h5 25. Rb1 Bc8 26. Qb8 Qxb8 27. Rxb8 Bf8 28. Bxa6 Bxa6 29. Rxe8 Bxd3 30. Bxf8 Kg8 31. Bh6+ Kf7 32. Rc8 g4 33. Rxc7+ Ke8 34. d6 gxf3 35.
Bg5 Bb5 36. gxf3 Bd7 37. Ra7 Nf8 38. a4 Ne6 39. h4 Nd4 40. Kf2 Nc6 41. Ra8+ Kf7 42.
a5 Ke6 43. a6 Kxd6 44. Rh8 Kc7 45. Rxh5 Kb6 46. Rh7 Bc8 47. h5 Kxa6 48. Rc7 Bb7 49. h6 Kb6 50. Rxc6+ Kxc6 51. h7 1-0

[Event "Late-Titled-Tuesday-Blitz-June-04-2024"]
[Site "Chess.com"]
[Date "2024.06.04"]
[Round "7"]
[White "K_A_S_T_O_R"]
[Black "MITerryble"]
[Result "0-1"]
[WhiteElo "2878"]
[BlackElo "3032"]
[TimeControl "180+1"]
[EndTime "15:14:37 PDT"]
[Termination "MITerryble won by resignation"]

1. e4 e6 2. d4 d5 3. Nc3 Nf6 4. e5 Nfd7 5. Nce2 c5 6. c3 cxd4 7. cxd4 f6 8. f4 fxe5 9. fxe5 Bb4+ 10. Bd2 Qh4+ 11. g3 Bxd2+ 12. Kxd2 Qe7 13. Qc2 Nc6 14. Nf3 Nb6 15. b3 Bd7 16. Ke3 O-O-O 17. h4 Kb8 18. Qd2 Rc8 19. Rc1 Qa3 20. Nc3 Rhf8 21. Be2 Qb4 22. Nb5 Rxf3+ 23. Bxf3 Qxb5 24. Be2 Qb4 25. Qxb4 Nxb4 26. Rxc8+ Nxc8 27. Rf1 Nc2+ 28. Kd3 Bb5+ 29. Kxc2 Bxe2 30. Rf7 h5 31. Rxg7 Nb6 32. Kd2 Bg4 33. Ke3 Kc8 34. Kf4 Nd7 35. Rxg4 hxg4 36. Kxg4 Kd8 37. Kg5 Ke7 38. Kg6 Nxe5+ 39. Kg7 Ng4 40.
h5 e5 41. dxe5 d4 42. h6 Nxh6 43. Kxh6 d3 44. g4 d2 45. g5 d1=Q 46. g6 0-1

[Event "Late-Titled-Tuesday-Blitz-June-04-2024"]
[Site "Chess.com"]
[Date "2024.06.04"]
[Round "7"]
[White "SaraciNderim"]
[Black "topce"]
[Result "1-0"]
[WhiteElo "2891"]
[BlackElo "2488"]
[TimeControl "180+1"]
[EndTime "15:14:39 PDT"]
[Termination "SaraciNderim won on time"]

1. b3 a5 2. a3 d6 3. Bb2 e5 4. e3 f5 5. d4 Nc6 6. Nf3 e4 7. d5 exf3 8. dxc6 bxc6 9. Qxf3 Bd7 10. Bd3 Qg5 11. h3 Nf6 12. Nc3 Be7 13. Nb5 O-O 14.
Nd4 d5 15. Nxf5 Bxf5 16. Qxf5 Qh6 17. Qe6+ Rf7 18. Qxc6 Raf8 19. Bf5 Kh8 20. O-O Bd6 21. Be6 Ne4 22. Qxd5 Rxf2 23. Qxe4 Bh2+ 24. Kxh2 Re8 25.
Rxf2 Qg6 26. Qxg6 hxg6 27. Bf7 Rxe3 28. Bxg6 Re8 29. Raf1 Rg8 30. Rf8 1-0

[Event "Late-Titled-Tuesday-Blitz-June-04-2024"]
[Site "Chess.com"]
[Date "2024.06.04"]
[Round "7"]
[White "Lavandum24"]
[Black "PawnEatingZombie"]
[Result "0-1"]
[WhiteElo "1823"]
[BlackElo "2263"]
[TimeControl "180+1"]
[EndTime "15:14:40 PDT"]
[Termination "PawnEatingZombie won by resignation"]

1. d4 Nf6 2. c4 g6 3. Nc3 Bg7 4. e4 d6 5. Nf3 O-O 6. Be3 Nc6 7. Be2 e5 8. d5 Ne7 9. O-O Ng4 10. h3 Nxe3 11.
fxe3 Bh6 12. Qd3 Kg7 13. Nh2 Ng8 14. Ng4 Bxg4 15. Bxg4 Nf6 16. Be2 Nd7 17. g4 a5 18.
Bd1 Nc5 19. Qe2 Qh4 20. Qf3 f6 21. Kh2 Rf7 22. Bc2 Raf8 23. Ne2 Kh8 24. Ng1 b6 25. Qe2 Qg5 26. Rae1 f5 27. exf5 e4 28. fxg6 hxg6 29. Rxf7 Rxf7 30. Qg2 Bg7 31. Bxe4 Qe5+ 32. Qg3 Qxe4 33. Qh4+ Kg8 34. Re2 Be5+ 0-1

[Event "Late-Titled-Tuesday-Blitz-June-04-2024"]
[Site "Chess.com"]
[Date "2024.06.04"]
[Round "7"]
[White "Faqade"]
[Black "cassoulet"]
[Result "0-1"]
[WhiteElo "2596"]
[BlackElo "2761"]
[TimeControl "180+1"]
[EndTime "15:14:45 PDT"]
[Termination "cassoulet won on time"]

1. d4 Nf6 2. c4 g6 3. Nc3 d5 4.
Nf3 Bg7 5. Bg5 Ne4 6. Bh4 Nxc3 7. bxc3 dxc4 8. e3 O-O 9. Bxc4 b6 10. O-O Bb7 11. Qe2 Nd7 12. e4 c5 13. Rfd1 cxd4 14.
cxd4 Rc8 15. Rac1 Nf6 16. d5 Nh5 17. d6 Bf6 18. Bxf6 exf6 19. g3 Rc5 20. Qe3 Qd7 21. e5 Re8 22. e6 fxe6 23. Bxe6+ Rxe6 24. Qxe6+ Qxe6 25. Rxc5 Bxf3 26. d7 bxc5 27. d8=Q+ Kg7 28.
Qd7+ Qxd7 29. Rxd7+ Kh6 30. Rxa7 Ng7 31. a4 Ne6 32. a5 c4 33. a6 c3 0-1

[Event "Late-Titled-Tuesday-Blitz-June-04-2024"]
[Site "Chess.com"]
[Date "2024.06.04"]
[Round "7"]
[White "Chessgod9oninsta"]
[Black "Chessdreamer2020"]
[Result "0-1"]
[WhiteElo "2702"]
[BlackElo "2561"]
[TimeControl "180+1"]
[EndTime "15:14:45 PDT"]
[Termination "Chessdreamer2020 won by resignation"]

1. d4 d6 2. Nf3 Bg4 3. e4 Nf6 4. Nc3 e6 5. h3 Bxf3 6. Qxf3 d5 7. e5 Nfd7 8. Qg3 c5 9. dxc5 Nc6 10. f4 Nxc5 11. Be2 d4 12. Nd1 Qa5+ 13. Bd2 Qxd2+ 14.
Kxd2 Ne4+ 15. Ke1 Nxg3 16. Rg1 Nxe2 17. Kxe2 h5 18. Nf2 Be7 19. Nd3 O-O-O 20. Raf1 g6 21. a3 Na5 22. b3 h4 23. Kd2 Nc6 24. b4 Bf8 25. Rd1 Ne7 26. Kc1 Nf5 27. Kb2 Kb8 28.
Kb3 Rc8 29. Kb2 Be7 30. Rc1 Rc3 31. Nf2 Re3 32. Nd1 Re2 33. Kb3 Rc8 34. c4 dxc3 35.
Nxc3 Re3 36. Rgd1 Rd8 37. Kc4 a6 38. a4 Rg3 39. Rxd8+ Bxd8 40. a5 Rxg2 41. Kb3 Rg3 42. Rd1 Kc8 43. Kc4 Ne3+ 0-1

[Event "Late-Titled-Tuesday-Blitz-June-04-2024"]
[Site "Chess.com"]
[Date "2024.06.04"]
[Round "7"]
[White "gabduschew"]
[Black "mightysmasher"]
[Result "0-1"]
[WhiteElo "2322"]
[BlackElo "2561"]
[TimeControl "180+1"]
[EndTime "15:14:47 PDT"]
[Termination "mightysmasher won by resignation"]

1. e4 e6 2. c4 c6 3. d4 d5 4. cxd5 cxd5 5. exd5 exd5 6. Nc3 Nf6 7. Bg5 Be7 8. h3 O-O 9. Nf3 Nc6 10. Bd3 h6 11.
Bh4 Re8 12. O-O Ne4 13. Bxe7 Rxe7 14. Bxe4 dxe4 15. Ne5 Nxd4 16. f4 exf3 17. Nxf3 Nxf3+ 18. Qxf3 Be6 19. Rad1 Qb6+ 20. Kh1 Rae8 21. b3 Rd8 22. Rxd8+ Qxd8 23. Nb5 Bd5 24. Qf4 Qd7 25. Nd4 Qxh3+ 26. Qh2 Bxg2+ 27. Kg1 Qxh2+ 0-1

[Event "Late-Titled-Tuesday-Blitz-June-04-2024"]
[Site "Chess.com"]
[Date "2024.06.04"]
[Round "7"]
[White "Stanbad1"]
[Black "jlf287"]
[Result "1-0"]
[WhiteElo "2664"]
[BlackElo "2512"]
[TimeControl "180+1"]
[EndTime "15:14:49 PDT"]
[Termination "Stanbad1 won by resignation"]

1. d4 d5 2. Nc3 Nf6 3. Bf4 e6 4. Nb5 Na6 5. e3 Be7 6. Nf3 O-O 7. h3 c6 8. Nc3 c5 9. Be2 Nb8 10. O-O Bd7 11. dxc5 Bxc5 12. Bd3 Nc6 13. e4 dxe4 14. Nxe4 Nxe4 15. Bxe4 Qe7 16. c3 Rad8 17. b4 Bc8 18. Qc2 Bd6 19. Bxh7+ Kh8 20. Bg5 f6 21. Nh4 Ne5 22.
Bf4 g6 23. Bxg6 Kg7 24. Be4 f5 25. Bxe5+ Bxe5 26. Nf3 Bf6 27. Bd3 Bd7 28. Rfe1 Qd6 29. Rad1 Qc7 30. c4 Rde8 31. c5 Rg8 32. Kh1 Kf7 33. Bc4 Rg6 34. Qxf5 Bc6 35. Ne5+ Qxe5 36. Rxe5 Rxg2 37. Bxe6+ Kg7 38. Re4 Rxe6 39. Qxe6 1-0

[Event "Late-Titled-Tuesday-Blitz-June-04-2024"]
[Site "Chess.com"]
[Date "2024.06.04"]
[Round "7"]
[White "NoSpaghettiForYou"]
[Black "Tol_Tol"]
[Result "1-0"]
[WhiteElo "2551"]
[BlackElo "2386"]
[TimeControl "180+1"]
[EndTime "15:14:49 PDT"]
[Termination "NoSpaghettiForYou won on time"]

1. Nc3 Nf6 2. Nf3 g6 3. e4 d6 4. g3 Bg7 5. Bg2 O-O 6. O-O e5 7. Re1 c6 8. d4 Qe7 9. h3 Na6 10. Kh2 Nc7 11. a4 h6 12. Be3 Kh7 13. b4 Nd7 14. d5 cxd5 15. exd5 f5 16. Qd2 g5 17.
Ra3 Na6 18. Nb5 b6 19. h4 f4 20. Qd3+ Kg8 21. Bd2 Nf6 22. Nfd4 Ng4+ 23. Kg1 fxg3 24.
fxg3 gxh4 25. Nc6 Qf7 26. Rf1 Qh5 27. Ne7+ Kh8 28. Ng6+ Kg8 29. Nxf8 Bxf8 30. Rxf8+ Kxf8 31. Qh7 hxg3 32. Rf3+ Ke8 33. Nxd6+ Kd8 34. Rf8+ 1-0

[Event "Late-Titled-Tuesday-Blitz-June-04-2024"]
[Site "Chess.com"]
[Date "2024.06.04"]
[Round "7"]
[White "RebecaJimnz"]
[Black "mostafa_sakha"]
[Result "0-1"]
[WhiteElo "2278"]
[BlackElo "2403"]
[TimeControl "180+1"]
[EndTime "15:14:49 PDT"]
[Termination "mostafa_sakha won by resignation"]

1. e4 e5 2. d4 exd4 3. Qxd4 Nc6 4. Qe3 Nf6 5. Nc3 Bb4 6. Bd2 O-O 7. O-O-O Re8 8.
Bc4 Na5 9. Bd3 d5 10. Nge2 c5 11. Qg3 c4 12. e5 Nh5 13. Bxh7+ Kxh7 14. Qf3 Rxe5 15.
Qxf7 Be6 16. Qf3 Qf6 17. Nd4 Nc6 18. Nxe6 Qxf3 19. gxf3 Rxe6 20. Nxd5 Bxd2+ 21. Rxd2 Rf8 22. Ne3 Rxf3 23. Nxc4 Ref6 24. Rg1 Rxf2 25. Rxf2 Rxf2 26. Nd6 b6 27. Ne8 Rxh2 28. c4 Re2 29. a3 Rxe8 0-1

[Event "Late-Titled-Tuesday-Blitz-June-04-2024"]
[Site "Chess.com"]
[Date "2024.06.04"]
[Round "7"]
[White "sergeikim"]
[Black "JoakimVonAnd"]
[Result "1/2-1/2"]
[WhiteElo "2620"]
[BlackElo "2777"]
[TimeControl "180+1"]
[EndTime "15:14:50 PDT"]
[Termination "Game drawn by repetition"]

1. d4 d5 2. c4 e6 3. Nc3 Nf6 4. Nf3 c5 5. e3 a6 6. a3 dxc4 7. Bxc4 b5 8. Ba2 Bb7 9. O-O Nbd7 10. Qe2 Be7 11. Rd1 O-O 12. e4 cxd4 13. Rxd4 Qb6 14.
e5 Bc5 15. Rd3 Nd5 16. Nxd5 exd5 17. Bxd5 Rfe8 18. Bxf7+ Kxf7 19. Rxd7+ Kg8 20. b4 Bxf3 21.
Qxf3 Bf8 22. Qf7+ Kh8 23. Bb2 Re6 24. Rc1 Rae8 25. h3 a5 26. Bd4 Qb8 27. f4 axb4 28. axb4 Qa8 29. f5 R6e7 30. Rxe7 Rxe7 31. Qh5 Rd7 32.
Bc5 Qe4 33. e6 Bxc5+ 34. Rxc5 Qe3+ 35. Kh2 Qf4+ 36. Kg1 Qe3+ 37. Kh2 Qf4+ 38. Kg1 Qe3+ 1/2-1/2

[Event "Late-Titled-Tuesday-Blitz-June-04-2024"]
[Site "Chess.com"]
[Date "2024.06.04"]
[Round "7"]
[White "NovakRatko"]
[Black "Dexter_Dyke"]
[Result "1-0"]
[WhiteElo "2310"]
[BlackElo "2447"]
[TimeControl "180+1"]
[EndTime "15:14:50 PDT"]
[Termination "NovakRatko won on time"]

1. d4 Nf6 2. c4 c5 3. dxc5 e6 4. Be3 Na6 5. a3 Nxc5 6. b4 Na6 7. Nc3 d5 8. cxd5 exd5 9. f3 Nc7 10. Qd2 Be7 11.
Rd1 O-O 12. Bf2 a5 13. Rb1 axb4 14. axb4 Bf5 15. Rb2 Ra1+ 16. Nd1 Re8 17. Bb6 Qd7 18. e3 Na6 19. Bxa6 bxa6 20. Ne2 Qb5 21. Ba5 Bd3 22. Nd4 Qc4 23. Kf2 Nd7 24. Rb3 Bg6 25. Nb2 Qxb3 26. Rxa1 Bh4+ 27. g3 Rxe3 28. Nxb3 Rxb3 29. gxh4 1-0

[Event "Late-Titled-Tuesday-Blitz-June-04-2024"]
[Site "Chess.com"]
[Date "2024.06.04"]
[Round "7"]
[White "Bob_2004"]
[Black "SilverCityIndigo"]
[Result "1-0"]
[WhiteElo "2636"]
[BlackElo "2468"]
[TimeControl "180+1"]
[EndTime "15:14:51 PDT"]
[Termination "Bob_2004 won by checkmate"]

1. Nf3 Na6 2. e4 c6 3. Bxa6 bxa6 4. O-O e6 5. d4 c5 6. d5 Nf6 7. Re1 d6 8. c4 Be7 9. Nc3 e5 10. Qa4+ Qd7 11. Qc2 O-O 12. Nh4 Rd8 13. Nf5 Bf8 14. Bg5 Be7 15. Rad1 Rb8 16. b3 h6 17. Bh4 Kh7 18.
Nxe7 Qxe7 19. f4 g5 20. fxg5 hxg5 21. Bxg5 Rg8 22. Qd2 Bh3 23. Rf1 Bxg2 24. Rxf6 Qxf6 25. Bxf6 Bxe4+ 26. Kf2 Rg2+ 27. Ke3 Rxd2 28. Rxd2 Bf5 29. Be7 Rg8 30. Bxd6 Rg1 31. Bxe5 Bd7 32. Ne4 Kg6 33. Nxc5 Bh3 34. Bg3 Kf5 35. Ne4 Bg4 36. Rf2+ Kg6 37. d6 Kg7 38. d7 Rd1 39. Be5+ Kh7 40. Nf6+ Kg6 41. Nxg4 Rxd7 42. h4 Re7 43. Rf6+ Kh5 44. Kf4 Re6 45. Rxf7 Re7 46. Rxe7 Kg6 47. h5+ Kxh5 48.
Re6 Kh4 49. Rh6# 1-0

[Event "Late-Titled-Tuesday-Blitz-June-04-2024"]
[Site "Chess.com"]
[Date "2024.06.04"]
[Round "7"]
[White "Statham_01"]
[Black "PotapovaM"]
[Result "1-0"]
[WhiteElo "2721"]
[BlackElo "2556"]
[TimeControl "180+1"]
[EndTime "15:14:52 PDT"]
[Termination "Statham_01 won by resignation"]

1. e4 c5 2. a3 g6 3. Nf3 Bg7 4. c3 d5 5. e5 Nc6 6. d4 f6 7. Bb5 a6 8. Bxc6+ bxc6 9. O-O cxd4 10. cxd4 Bg4 11. Bf4 fxe5 12. Bxe5 Nf6 13. Nbd2 O-O 14. h3 Bf5 15. Rc1 Qb6 16. b4 a5 17. Qb3 axb4 18.
axb4 Ra7 19. Ra1 Rfa8 20. Rxa7 Rxa7 21. Rc1 Rb7 22. Qc3 Bd7 23. Qe3 Bf5 24. g4 Bc8 25. Kg2 Qb5 26. Rc5 Qb6 27. b5 Bd7 28. g5 Nh5 29.
Bxg7 Nxg7 30. Qe5 Qc7 31. bxc6 1-0

[Event "Late-Titled-Tuesday-Blitz-June-04-2024"]
[Site "Chess.com"]
[Date "2024.06.04"]
[Round "7"]
[White "Defenstrator"]
[Black "jinxy2009"]
[Result "0-1"]
[WhiteElo "2366"]
[BlackElo "2279"]
[TimeControl "180+1"]
[EndTime "15:14:53 PDT"]
[Termination "jinxy2009 won by resignation"]

1. f4 d5 2. Nf3 Nf6 3. e3 c5 4. b3 Bf5 5. Bb2 e6 6. Bb5+ Nbd7 7. Ne5 Bd6 8. g4 Bxe5 9. Bxe5 Nxg4 10. Qf3 Nxe5 11. fxe5 Qh4+ 12. Qg3 Qxg3+ 13. hxg3 a6 14.
Bxd7+ Kxd7 15. d3 h5 16. Nd2 g5 17. O-O-O h4 18. gxh4 gxh4 19. e4 Bg4 20. Rdf1 Ke7 21. Rf4 Rag8 22. Rg1 h3 23. Nf1 Be2 24. Rh1 Bxf1 25.
Rhxf1 h2 26. Rxf7+ Ke8 27. Rxb7 Rg1 28. Rb8+ Kd7 29.
Rxh8 Rxf1+ 30. Kb2 h1=Q 31. Rxh1 Rxh1 32. exd5 exd5 33.
c3 d4 34. cxd4 cxd4 35. Ka3 Ke6 0-1

[Event "Late-Titled-Tuesday-Blitz-June-04-2024"]
[Site "Chess.com"]
[Date "2024.06.04"]
[Round "7"]
[White "AsaHoffmann"]
[Black "patzer-reloaded"]
[Result "1-0"]
[WhiteElo "2274"]
[BlackElo "2379"]
[TimeControl "180+1"]
[EndTime "15:14:53 PDT"]
[Termination "AsaHoffmann won by resignation"]

1. d4 d6 2. e4 Nf6 3. f3 g6 4. Be3 Bg7 5. Qd2 O-O 6. Nc3 e5 7. Nge2 Nc6 8. O-O-O h5 9. d5 Ne7 10. h3 Nh7 11. g4 h4 12. Bh6 Bxh6 13. Qxh6 g5 14. f4 exf4 15. e5 dxe5 16. Ne4 Ng6 17. d6 Be6 18. N2c3 c6 19. Bd3 Kh8 20. Nc5 Qf6 21.
N3e4 Qg7 22. Qh5 Rg8 23. Nxg5 Nf8 24. Ncxe6 fxe6 25. Bxh7 Nxh7 26. Nf7+ Qxf7 27. Qxf7 Raf8 28. Qxe6 f3 29. Qxe5+ Rg7 30. d7 1-0

[Event "Late-Titled-Tuesday-Blitz-June-04-2024"]
[Site "Chess.com"]
[Date "2024.06.04"]
[Round "7"]
[White "yobdc"]
[Black "Kimkibo"]
[Result "0-1"]
[WhiteElo "2530"]
[BlackElo "2364"]
[TimeControl "180+1"]
[EndTime "15:14:55 PDT"]
[Termination "Kimkibo won on time"]

1. e4 e6 2. d4 d5 3. exd5 exd5 4. h3 Bd6 5. c4 dxc4 6. Bxc4 Nf6 7. Nf3 O-O 8. O-O h6 9. Nc3 a6 10. a4 Nc6 11. Qd3 Nb4 12. Qg6 Nbd5 13. Qc2 Nb4 14. Qb1 c6 15. Bxh6 gxh6 16. Qg6+ Kh8 17. Qxh6+ Nh7 18.
Ne4 Be7 19. Ne5 Nd5 20. Rad1 Bf5 21. Rfe1 Bg5 22. Qh5 Bxe4 23. Rxe4 Nf6 24. Nxf7+ Rxf7 25. Qxf7 Nxe4 26. Bd3 Qe8 27. Qxb7 Rb8 28. Qxa6 Rxb2 29. Re1 Nhf6 30. Qc4 Bh4 31. g3 Qg6 32. Bxe4 Nxe4 33. Qd3 Bxg3 34. fxg3 Qf5 0-1

[Event "Late-Titled-Tuesday-Blitz-June-04-2024"]
[Site "Chess.com"]
[Date "2024.06.04"]
[Round "7"]
[White "JSPrepz"]
[Black "KChor05"]
[Result "1-0"]
[WhiteElo "2843"]
[BlackElo "2639"]
[TimeControl "180+1"]
[EndTime "15:14:56 PDT"]
[Termination "JSPrepz won by resignation"]

1. e4 c5 2. Nf3 Nc6 3. b4 Nxb4 4.
c3 Nc6 5. d4 cxd4 6. cxd4 d6 7.
d5 Nb8 8. Bd3 Nf6 9. Bb2 Nbd7 10. O-O g6 11. Nbd2 Bg7 12. Nb3 O-O 13. Re1 Ng4 14.
Bxg7 Kxg7 15. Bf1 Nge5 16. Nfd4 Nc5 17. Rc1 Nxb3 18. Qxb3 Qb6 19. Qe3 Bd7 20. Rb1 Qa5 21. Rxb7 Rab8 22. Reb1 Rxb7 23. Rxb7 Qxa2 24. Rxa7 Qb2 25.
h3 Rc8 26. f4 Rc3 27. Qf2 Qxf2+ 28. Kxf2 Nd3+ 29. Bxd3 Rxd3 30. Nf3 Bb5 31. Rxe7 Kf6 32.
Rb7 Bc4 33. Ng5 Rd2+ 34. Kg3 Rd3+ 35. Kh2 Kg7 36. Rxf7+ Kg8 37. Rc7 1-0

[Event "Late-Titled-Tuesday-Blitz-June-04-2024"]
[Site "Chess.com"]
[Date "2024.06.04"]
[Round "7"]
[White "ansko1999"]
[Black "TheoSlade"]
[Result "0-1"]
[WhiteElo "2623"]
[BlackElo "2481"]
[TimeControl "180+1"]
[EndTime "15:14:56 PDT"]
[Termination "TheoSlade won on time"]

1. Nc3 d5 2. e4 d4 3. Nce2 e5 4. Ng3 Be6 5. b3 Nf6 6. Bc4 Bxc4 7. bxc4 Bd6 8. d3 Bb4+ 9. Bd2 Bxd2+ 10. Qxd2 O-O 11.
Nf5 g6 12. Nh6+ Kg7 13. h4 Ng8 14. Nxg8 Rxg8 15. h5 g5 16. h6+ Kh8 17. Nf3 Qf6 18. Rh5 Nd7 19. Rb1 b6 20. Nxg5 Rg6 21. g3 Rag8 22. f4 exf4 23. gxf4 Nc5 24. Kd1 Ne6 25. Kc1 Nxf4 26. Nxf7+ Qxf7 27. Rf5 Qe7 28. Qxf4 Rg1+ 0-1

[Event "Late-Titled-Tuesday-Blitz-June-04-2024"]
[Site "Chess.com"]
[Date "2024.06.04"]
[Round "7"]
[White "Jahonas"]
[Black "Likvidator228"]
[Result "0-1"]
[WhiteElo "2443"]
[BlackElo "2590"]
[TimeControl "180+1"]
[EndTime "15:15:03 PDT"]
[Termination "Likvidator228 won by checkmate"]

1. e4 c5 2. Nf3 g6 3. d4 cxd4 4. Nxd4 Bg7 5. Nc3 Nc6 6. Nxc6 bxc6 7. Bd3 d6 8. O-O Nf6 9. Kh1 O-O 10. Rb1 a5 11. b3 Bg4 12. f3 Be6 13. Bb2 c5 14.
Ne2 Qc7 15. Nf4 Bd7 16. c4 a4 17. Bxf6 exf6 18. Nd5 Qd8 19. Qd2 axb3 20. axb3 Be6 21. Be2 f5 22. exf5 Bxf5 23. Rbe1 Re8 24. Bd1 Rxe1 25. Rxe1 Be6 26. f4 Bd4 27. Bf3 Ra3 28.
Rb1 Bf5 29. Re1 Kg7 30. Be4 Bxe4 31. Rxe4 Rxb3 32. f5 Rb1+ 33. Re1 Rxe1+ 34. Qxe1 gxf5 35. Qg3+ Kf8 36. Qf4 Qd7 37. Qh6+ Bg7 38. Qxh7 Qe6 39. Qh4 Kg8 40. Ne7+ Kf8 41. Nd5 Bd4 42. h3 Kg7 43.
Qg3+ Qg6 44. Qf3 Be5 45. g4 fxg4 46. hxg4 Qb1+ 47. Kg2 Qc2+ 48. Kh1 Qh2# 0-1

[Event "Late-Titled-Tuesday-Blitz-June-04-2024"]
[Site "Chess.com"]
[Date "2024.06.04"]
[Round "7"]
[White "Aygehovit1992"]
[Black "artin10862"]
[Result "1-0"]
[WhiteElo "2817"]
[BlackElo "2947"]
[TimeControl "180+1"]
[EndTime "15:15:06 PDT"]
[Termination "Aygehovit1992 won by resignation"]

1. e4 c5 2. Nc3 b6 3. d4 cxd4 4. Qxd4 Nc6 5. Qe3 Bb7 6. b3 g6 7. Bb2 Bh6 8. f4 Nf6 9. e5 Nh5 10. Nh3 O-O 11. O-O-O f6 12. Bc4+ Kh8 13. g4 Nxe5 14.
gxh5 Nxc4 15. bxc4 Bxh1 16. Rxh1 Rc8 17. hxg6 Rxc4 18. Nd5 e6 19. Ng5 exd5 20. Qh3 Kg7 21. Nf7 Rxf7 22. gxf7 Bxf4+ 23. Kb1 Kxf7 24. Qxh7+ Ke6 25.
h4 Kd6 26. h5 Qe7 27. Ba3+ Rc5 28. Qxe7+ Kxe7 29. Bxc5+ bxc5 30. h6 Bxh6 31. Rxh6 Ke6 32. Kc1 Ke5 33. Kd2 1-0

[Event "Late-Titled-Tuesday-Blitz-June-04-2024"]
[Site "Chess.com"]
[Date "2024.06.04"]
[Round "7"]
[White "Tunahan_Makaraci"]
[Black "lamomiajunior"]
[Result "0-1"]
[WhiteElo "2569"]
[BlackElo "2725"]
[TimeControl "180+1"]
[EndTime "15:15:07 PDT"]
[Termination "lamomiajunior won by resignation"]

1. e4 e5 2. Nc3 Nf6 3. f4 d6 4.
Nf3 Nc6 5. Bb5 exf4 6. d4 a6 7. Bxc6+ bxc6 8. Bxf4 Be7 9. O-O O-O 10. Qd2 a5 11. h3 Be6 12. Rae1 d5 13. e5 Nd7 14. Bg5 c5 15. Bxe7 Qxe7 16. dxc5 Qxc5+ 17. Qd4 Qxd4+ 18. Nxd4 c5 19. Nxe6 fxe6 20. b3 Rxf1+ 21. Rxf1 Re8 22. Re1 Kf7 23. Nd1 Ke7 24. Nf2 Rb8 25. Nd3 a4 26.
bxa4 c4 27. Nf4 Nc5 28. a5 Ne4 29. a6 Nc3 30. Re3 d4 31. Re4 Rd8 32. Re1 Ra8 33.
Ne2 Nxe2+ 34. Rxe2 Rxa6 35. Re4 Rxa2 36. Rxd4 Rxc2 37.
Kh2 h6 38. h4 h5 39. Kh3 Kf7 40. Rf4+ Kg6 41. g4 Rc3+ 42. Kg2 Rc2+ 43. Kh3 c3 44.
gxh5+ Kxh5 45. Rc4 Kg6 46. Kg4 Rc1 47. h5+ Kh6 48.
Rc8 Kh7 49. Kg3 c2 50. Kg2 Kh6 51. Kh2 Kxh5 52. Kg2 Kg5 53. Rc5 Kf5 54. Kh2 Ke4 55.
Kg2 Kd3 0-1

[Event "Late-Titled-Tuesday-Blitz-June-04-2024"]
[Site "Chess.com"]
[Date "2024.06.04"]
[Round "7"]
[White "zacachess"]
[Black "PapaieDudu"]
[Result "0-1"]
[WhiteElo "2503"]
[BlackElo "2344"]
[TimeControl "180+1"]
[EndTime "15:15:07 PDT"]
[Termination "PapaieDudu won on time"]

1. e4 c5 2. Nf3 d6 3. d4 cxd4 4.
Nxd4 Nf6 5. Nc3 a6 6. h3 b5 7. g4 Bb7 8. Bg2 b4 9. Nd5 e6 10. g5 exd5 11. gxf6 dxe4 12. fxg7 Bxg7 13. O-O Qf6 14. Be3 O-O 15. Qg4 Qg6 16. Qf4 Nd7 17.
Nf5 Ne5 18. Ne7+ Kh8 19. Nxg6+ fxg6 20. Qh4 Rf3 21. Bh6 Bf6 22. Bg5 Bg7 23. Rad1 d5 24.
Kh1 Raf8 25. Rde1 Bc8 26. Re3 Nc4 27. Bxf3 Nxe3 28. fxe3 exf3 29. Qg3 Bf5 30. Rxf3 Be4 31. Bf4 Bxb2 32. Kh2 Bxf3 33. Qxf3 g5 34. Be5+ Bxe5+ 35.
Kg2 Rxf3 36. Kxf3 Kg7 0-1

[Event "Late-Titled-Tuesday-Blitz-June-04-2024"]
[Site "Chess.com"]
[Date "2024.06.04"]
[Round "7"]
[White "Oleg_Papayan"]
[Black "Kapitan_Bayan"]
[Result "0-1"]
[WhiteElo "2565"]
[BlackElo "2404"]
[TimeControl "180+1"]
[EndTime "15:15:08 PDT"]
[Termination "Kapitan_Bayan won by resignation"]

1. e4 c5 2. d4 cxd4 3. Qxd4 Nc6 4. Qd3 Nf6 5. Nc3 e6 6. Bf4 d5 7. Nb5 e5 8. Bg5 d4 9. Bxf6 gxf6 10. Nf3 Bh6 11.
Be2 a6 12. Na3 b5 13. O-O Be6 14. Nh4 Rc8 15. Nf5 Bf8 16. Qf3 Qd7 17. Rfd1 Bxa3 18. bxa3 Bxf5 19. exf5 Ne7 20. a4 Rxc2 21. axb5 axb5 22.
a4 bxa4 23. Bd3 Rc3 24. Qa8+ Rc8 25. Qxa4 Qxa4 26. Rxa4 O-O 27. f4 Nd5 28. fxe5 fxe5 29.
Re1 Rfe8 30. g4 Nc3 31. Rc4 Rxc4 32. Bxc4 e4 33. g5 Kf8 34. h4 d3 35. Bxd3 exd3 0-1

[Event "Late-Titled-Tuesday-Blitz-June-04-2024"]
[Site "Chess.com"]
[Date "2024.06.04"]
[Round "7"]
[White "picturesquecheck"]
[Black "arctic_t00"]
[Result "0-1"]
[WhiteElo "2457"]
[BlackElo "2632"]
[TimeControl "180+1"]
[EndTime "15:15:09 PDT"]
[Termination "arctic_t00 won by checkmate"]

1. g3 d5 2. Bg2 c6 3. Nf3 Bg4 4. O-O e6 5. Ne5 Bf5 6. c4 Nd7 7. d4 Bd6 8. Nxd7 Qxd7 9. Nc3 Nf6 10. Bg5 Ne4 11. Nxe4 dxe4 12. Be3 h5 13. Qc2 h4 14.
Bxe4 hxg3 15. fxg3 Bxe4 16. Qxe4 O-O-O 17. Rf3 f5 18. Qc2 g6 19. Qa4 a6 20. Rc1 Qh7 21. h4 Bxg3 22. Rxg3 Qxh4 23. Rg2 f4 24. Bd2 f3 25. exf3 Qxd4+ 26. Rf2 Rh1+ 27. Kxh1 Qxf2 28. Bc3 Rd7 29. Qc2 Rh7# 0-1

[Event "Late-Titled-Tuesday-Blitz-June-04-2024"]
[Site "Chess.com"]
[Date "2024.06.04"]
[Round "7"]
[White "Chigorinetz"]
[Black "AlphaPerseii"]
[Result "1-0"]
[WhiteElo "2548"]
[BlackElo "2348"]
[TimeControl "180+1"]
[EndTime "15:15:09 PDT"]
[Termination "Chigorinetz won by resignation"]

1. e4 c5 2. Nc3 Nc6 3. Nge2 Nf6 4. g3 e5 5. Bg2 Be7 6. O-O d6 7. Nd5 Bg4 8. c3 Qd7 9. f3 Bh3 10. Nxe7 Bxg2 11. Kxg2 Qxe7 12. d4 exd4 13. cxd4 O-O 14.
d5 Ne5 15. b3 Nfd7 16. g4 Ng6 17. Ng3 Qe5 18. Rb1 Nf4+ 19. Kh1 b5 20. Qd2 Ng6 21. Bb2 Qf4 22. Qxf4 Nxf4 23. Nf5 a6 24. Bxg7 Rfd8 25. Bh6 Ne2 26. Nxd6 Nc3 27. Rb2 Ne5 28. Nf5 b4 29. Ne7+ Kh8 30. Bg5 Nd7 31. Nc6 Re8 32. Rd2 f6 33.
Bh4 Rac8 34. g5 fxg5 35. Bxg5 Ne5 1-0

[Event "Late-Titled-Tuesday-Blitz-June-04-2024"]
[Site "Chess.com"]
[Date "2024.06.04"]
[Round "7"]
[White "eljanov"]
[Black "Duhless"]
[Result "1-0"]
[WhiteElo "2949"]
[BlackElo "3100"]
[TimeControl "180+1"]
[EndTime "15:15:10 PDT"]
[Termination "eljanov won by resignation"]

1. d4 Nf6 2. c4 g6 3. Nc3 Bg7 4. e4 d6 5. h3 O-O 6. Be3 Re8 7. Nf3 Nc6 8. d5 Nb4 9. a3 Na6 10. Be2 e6 11. Qc2 exd5 12. cxd5 Nc5 13. Bxc5 dxc5 14. O-O Nh5 15. Rfe1 c6 16. Rad1 Bxc3 17. Qxc3 Nf4 18. Bf1 cxd5 19. exd5 Rxe1 20. Qxe1 Qd6 21. Qe8+ Kg7 22.
Ng5 Qf6 23. Ne4 Qxb2 24. d6 Bg4 25. Qxa8 Bxd1 26. d7 Ne6 27. Ng5 Nxg5 28. d8=Q Kh6 29. h4 Ne4 30. Qf8+ Kh5 31. Qxf7 h6 32. Qae8 1-0